 Dungeon Crawl Stone Soup version 0.23.2-40-g277498a001 (webtiles) character file.

Game seed: 10991913358060403384

29 Descartes the Grasshopper (level 3, 0/18 HPs)
             Began as a Vine Stalker Warper on Sept 15, 2019.
             Succumbed to an adder's poison
             ... on level 2 of the Dungeon.
             The game lasted 00:01:58 (1046 turns).

Descartes the Grasshopper (Vine Stalker Warper)     Turns: 1046, Time: 00:01:59

Health: 0/18       AC:  3    Str: 14    XL:     3   Next: 16%
Magic:  6/7        EV: 12    Int: 13    God:
Gold:   36         SH:  0    Dex: 13    Spells: 6/6 levels left

rFire    . . .     SeeInvis .   a - +0 falchion
rCold    . . .     Gourm    .   (no shield)
rNeg     . . .     Faith    .   b - +0 leather armour
rPois    .         Spirit   +   (no helmet)
rElec    .         Reflect  .   (no cloak)
rCorr    .         Harm     .   (no gloves)
MR       .....                  (no boots)
Stlth    ++........             h - amulet of rage
HPRegen  0.06/turn              (no ring)
MPRegen  0.10/turn              (no ring)

@: lethally poisoned (0 -> -1)
A: fangs 2, magic shield, antimagic bite, no potion heal 3, rot immunity
a: Evoke Berserk Rage


You were on level 2 of the Dungeon.
You were not hungry.

You visited 1 branch of the dungeon, and saw 2 of its levels.

You collected 36 gold pieces.

Inventory:

Hand Weapons
 a - a +0 falchion (weapon)
Missiles
 e - 5 tomahawks of dispersal (quivered)
 n - 21 bolts
 o - 13 poisoned needles
Armour
 b - a +0 leather armour (worn)
Jewellery
 h - an amulet of rage (around neck)
Scrolls
 c - a scroll of magic mapping {unknown}
 d - a scroll of blinking
 g - a scroll of noise {unknown}
 i - a scroll of enchant weapon {unknown}
 k - a scroll of teleportation {unknown}
 m - 2 scrolls of identify {unknown}
Potions
 l - a potion of agility {unknown}
Comestibles
 f - a ration
 j - 3 chunks of flesh


   Skills:
 + Level 2.0 Fighting
 + Level 2.0 Long Blades
 - Level 0.8 Throwing
 + Level 1.1 Armour
 + Level 1.8 Dodging
 * Level 1.9 Stealth
 + Level 2.4 Spellcasting
   Level 3.0 Translocations


You had 6 spell levels left.
You didn't know any spells.
Your spell library contained the following spells:

 Spells                   Type           Power        Failure   Level  Hunger
 Blink                    Tloc           N/A          13%         2    ###....
 Shroud of Golubria       Chrm/Tloc      #.........   24%         2    ###....
 Gell's Gravitas          Tloc           #.........   26%         3    ###....
 Lesser Beckoning         Tloc           #.........   26%         3    ###....
 Teleport Other           Tloc           #.......     26%         3    ###....
 Passage of Golubria      Tloc           N/A          65%         4    #####..


Dungeon Overview and Level Annotations

Branches:
Dungeon (2/15)

Altars:


Innate Abilities, Weirdness & Mutations

You have extremely sharp teeth.
When hurt, damage is shared between your health and your magic reserves.
Your bite disrupts and absorbs the magic of your enemies.
Potions cannot restore your health.
You are immune to rotting.


Message History

Items here: %% ÷÷ a chunk of flesh; a frilled lizard skeleton; a chunk of flesh an adder skeleton
* * * LOW HITPOINT WARNING * * *
You feel sick.
Items here: %% ÷÷ a chunk of flesh; a frilled lizard skeleton; a chunk of flesh an adder skeleton
j - 2 chunks of flesh (gained 1);
j - 3 chunks of flesh (gained 1)
* * * LOW HITPOINT WARNING * * *
You feel sick.
* * * LOW HITPOINT WARNING * * *
You feel sick.
* * * LOW HITPOINT WARNING * * *
You feel sick.
* * * LOW HITPOINT WARNING * * *
You feel sick.
Things that are here:
a frilled lizard skeleton; an adder skeleton You die...

.#####.####...
.............# ......÷#
.. .......# #.# ..<....#
##.. ...)...#####...####
..)....#..........######
.......#........(.......
.......#........@.#
.##############÷######
.### #.##...## ...#
#.......## ##.#
##.......# #.# #.......#
#.## #.......# #..#
##.....## ##.#
##.......#


There were no monsters in sight!

Vanquished Creatures
  An adder (D:2)
  A dart slug (D:1)
  A leopard gecko (D:1)
  A giant cockroach (D:2)
  A goblin (D:1)
  4 kobolds
  6 bats
  2 frilled lizards
  2 rats (D:1)
19 creatures vanquished.

Notes
Turn   | Place    | Note
-------+----------+-------------------------------------------
     0 | D:1      | Descartes the Vine Stalker Warper began the quest for the
                  | Orb.
     0 | D:1      | Reached XP level 1. HP: 11/11 MP: 4/4
   391 | D:1      | Reached skill level 1 in Stealth
   391 | D:1      | Reached XP level 2. HP: 10/15 MP: 4/6
   526 | D:1      | Reached skill level 1 in Armour
  1020 | D:2      | Reached XP level 3. HP: 10/18 MP: 3/7
  1046 | D:2      | Succumbed to an adder's poison

Skill      XL: |  1  2 |
---------------+-------+-----
Stealth        | 1 |  1.9
Armour         | 1 |  1.1
Fighting       | 2 |  2.0
Long Blades    | 2 |  2.0
Throwing       | |  0.8
Dodging        | |  1.8
Spellcasting   | |  2.4
Translocations | |  3.0

Action                   || total
-------------------------++-------
Melee: Falchion          ||    43
       Bite              ||     7
 Stab: Sleeping          ||     2
Armor: Leather armour    ||    23
Dodge: Dodged            ||    41
       Rpst.: Falchion   ||    16
